Sasquatch vs Demolitions
(R2)
Created - 8 avril 2014 at 19:03
Goals
|
| Sasquatch |
0 |
3 |
2 |
5 |
| Demolitions |
2 |
1 |
0 |
3 |
|
Shots
|
| Sasquatch |
7 |
11 |
7 |
25 |
| Demolitions |
9 |
10 |
17 |
36 |
|
1st period
1. Demolitions , Troy Brouwer 40 (Brandon Bochenski) at 10:19
2. Demolitions , Marcel Hossa 59 (Brad Richardson, Anthony Stewart) at 11:50
Penalties :
Jakub Voracek (Gat) for Interference (Minor) at 2:40, Kevin Shattenkirk (Gat) for Hooking (Minor) at 6:59
2nd period
3. Demolitions , Brandon Bochenski 25 (Troy Brouwer, Kyle Cumiskey) at 9:27 (PP)
4. Sasquatch , Derek Stepan 17 (Chad Kilger, Matt Ellison) at 10:27
5. Sasquatch , John McCarthy 5 (Jiri Novotny, Konstantin Pushkarev) at 11:41
6. Sasquatch , D.J King 41 (Kevin Porter, Jakub Voracek) at 18:19
Penalties :
Ryan Craig (Vic) for Interference (Minor) at 1:22, Jakub Voracek (Gat) for Cross-checking (Minor) at 8:10, Jake Gardiner (Gat) for Hooking (Minor) at 18:26
3rd period
7. Sasquatch , Jiri Novotny 4 (D.J King) at 3:51
8. Sasquatch , Jarkko Ruutu 23 (Andrew Gordon, Krys Kolanos) at 12:08
Penalties :
Konstantin Pushkarev (Gat) for Holding (Minor) at 1:46, Jakub Voracek (Gat) for Tripping (Minor) at 4:13, Matt Corrente (Vic) for Hooking (Minor) at 9:40, Keith Yandle (Gat) for Goalie Interference (Minor) at 12:30
Goalie Stats
Cory Schneider (Gat), 33 saves from 36 shots - (0,917), W, 33-19-4, 60:00 minutes
Antero Niittymaki (Vic), 20 saves from 25 shots - (0,800), L, 24-17-4, 60:00 minutes
Players Stats for Sasquatch
Player Name G A P +/- PIM S H SB GA TA FO MP PP MP PK MP
------------------------------------------------------------------------------------
Andrew Gordon 0 1 1 0 0 1 1 0 0 0 0/0 10:49 0:00 0:00
Chad Kilger 0 1 1 0 0 1 2 0 0 0 0/0 13:26 2:20 0:57
D.J King 1 1 2 2 0 2 1 0 0 1 0/0 20:19 1:38 4:43
Derek Stepan 1 0 1 0 0 1 2 1 1 0 3/8 11:17 1:38 0:00
Jake Gardiner 0 0 0 1 2 1 5 2 0 1 0/0 26:45 1:21 3:47
Jakub Voracek 0 1 1 1 6 0 4 0 0 1 2/2 16:07 2:20 0:00
Jarkko Ruutu 1 0 1 0 0 2 0 1 2 0 0/0 19:22 0:00 8:16
Jiri Novotny 1 1 2 2 0 2 1 1 0 0 1/2 12:44 0:00 4:20
John McCarthy 1 0 1 1 0 2 0 0 0 0 1/1 7:19 0:00 0:00
Keith Yandle 0 0 0 1 2 0 2 0 0 3 0/0 26:16 1:21 4:19
Kevin Porter 0 1 1 1 0 5 1 0 0 2 22/40 24:25 2:20 8:06
Kevin Shattenkirk 0 0 0 1 2 2 1 1 0 2 0/0 21:39 2:37 7:24
Konstantin Pushkarev 0 1 1 2 2 0 1 0 1 0 0/0 7:53 0:00 0:00
Krys Kolanos 0 1 1 0 0 2 2 0 3 0 4/9 10:49 0:00 0:00
Matt Ellison 0 1 1 0 0 2 0 0 0 0 0/0 11:36 1:38 0:00
Matt Niskanen 0 0 0 1 0 2 2 0 0 0 0/0 23:37 2:37 8:34
Philip Larsen 0 0 0 1 0 0 0 0 0 0 0/0 12:17 0:00 2:08
Rostislav Klesla 0 0 0 1 0 0 0 1 1 0 0/0 10:02 0:00 0:10
Players Stats for Demolitions
Player Name G A P +/- PIM S H SB GA TA FO MP PP MP PK MP
------------------------------------------------------------------------------------
Andy Rogers 0 0 0 -1 0 2 0 2 0 0 0/0 27:29 8:27 2:18
Anssi Salmela 0 0 0 0 0 0 0 0 0 1 0/0 8:48 0:00 0:00
Anthony Stewart 0 1 1 0 0 4 1 3 0 1 3/3 23:35 7:05 2:28
Anton Babchuk 0 0 0 -1 0 0 1 0 0 0 0/0 19:33 4:44 1:40
Bobby Butler 0 0 0 -3 0 0 3 0 1 0 0/0 11:12 0:00 0:00
Brad Richardson 0 1 1 0 0 3 2 0 1 1 14/35 23:40 7:05 2:28
Brandon Bochenski 1 1 2 0 0 3 3 1 3 0 0/1 17:14 6:06 0:00
Cal Clutterbuck 0 0 0 0 0 2 0 0 2 1 0/0 7:37 0:00 0:25
Jordan LaVallee 0 0 0 0 0 0 0 0 0 0 0/0 0:47 0:00 0:25
Josh Beaulieu 0 0 0 0 0 0 0 0 0 0 0/0 0:00 0:00 0:00
Kyle Cumiskey 0 1 1 -1 0 3 4 0 0 1 0/0 27:29 8:27 2:18
Kyle Wharton 0 0 0 0 0 0 0 0 0 0 0/0 9:40 0:00 0:52
Marc-André Bernier 0 0 0 -3 0 2 1 1 0 0 0/0 11:21 0:00 0:00
Marcel Hossa 1 0 1 0 0 6 3 0 1 1 2/3 22:08 7:05 1:05
Masi Marjamaki 0 0 0 0 0 0 0 0 0 0 0/0 0:00 0:00 0:00
Matt Corrente 0 0 0 -1 2 2 1 2 1 1 0/0 18:40 4:44 0:48
Nicholas D'Agostino 0 0 0 -1 0 0 0 0 0 0 0/0 4:10 0:00 0:00
Nicolas Blanchard 0 0 0 -3 0 2 2 0 0 0 3/3 10:46 0:00 0:00
Petr Vrana 0 0 0 0 0 1 0 0 0 0 0/0 5:58 0:00 0:00
Robert Bortuzzo 0 0 0 -1 0 0 0 1 0 0 0/0 4:10 0:00 0:00
Robert Klinkhammer 0 0 0 0 0 0 0 0 0 0 0/0 0:00 0:00 0:00
Ryan Craig 0 0 0 0 2 3 1 0 0 1 6/15 16:38 6:06 0:00
Spencer Machacek 0 0 0 0 0 0 0 0 0 0 0/0 0:00 0:00 0:00
Troy Brouwer 1 1 2 0 0 3 0 0 1 0 0/1 19:07 6:06 1:05
Vince Rocco 0 0 0 0 0 0 0 0 0 0 1/1 5:58 0:00 0:00
3 Stars
1 - Jiri Novotny (Gat)
2 - D.J King (Gat)
3 - Brandon Bochenski (Vic)
Power Play
Sasquatch - 0 on 2 Attempt(s) - 0,00%
Demolitions - 1 on 7 Attempt(s) - 14,29%
Penalty Kill
Sasquatch - 6 on 7 Attempt(s) - 85,71%
- Score 0 goal in Penalty Kill
Demolitions - 2 on 2 Attempt(s) - 100,00%
- Score 0 goal in Penalty Kill
Official
Referees : Pollock Kevin and StLaurent Francois
Linesman : Bryan Pancich and Vaughan Rody
Game Notes
Ryan Craig is injured at 15:33 of 3rd period (Broken Bone (Right Arm))
Brandon Bochenski is injured at 17:39 of 3rd period (Strained Right Elbow)
Finance
Level 1 -- Attendance: 1493 (74,65%) -- Ticket Income 52 255 $
Level 2 -- Attendance: 797 (79,70%) -- Ticket Income 11 955 $
Total Attendance: 2290 (76,33%)
Total Ticket Income: 64 210 $
Other Income: 3 210 $
Total Income: 67 420 $
Sasquatch
5 vs 5 Forward
Center Left Wing Right Wing Time % Phy DF OF
1 Kevin Porter D.J King Jakub Voracek 40 1 2 2
2 Derek Stepan Chad Kilger Matt Ellison 30 1 2 2
3 Krys Kolanos Jarkko Ruutu Andrew Gordon 20 1 2 2
4 Jiri Novotny John McCarthy Konstantin Pushkarev 10 1 2 2
5 vs 5 Defense
Defense Defense Time % Phy DF OF
1 Keith Yandle Jake Gardiner 40 1 2 2
2 Kevin Shattenkirk Matt Niskanen 30 1 2 2
3 Philip Larsen Rostislav Klesla 20 1 2 2
4 Jake Gardiner Matt Niskanen 10 1 2 2
PowerPlay Forward
Center Left Wing Right Wing Time % Phy DF OF
1 Kevin Porter Chad Kilger Jakub Voracek 60 1 2 2
2 Derek Stepan D.J King Matt Ellison 40 1 2 2
PowerPlay Defense
Defense Defense Time % Phy DF OF
1 Kevin Shattenkirk Matt Niskanen 60 1 2 2
2 Keith Yandle Jake Gardiner 40 1 2 2
Penalty Kill 4 Players Forward
Center Wing Time % Phy DF OF
1 Kevin Porter Jarkko Ruutu 60 1 2 2
2 Jiri Novotny D.J King 40 1 2 2
Penalty Kill 4 Players Defense
Defense Defense Time % Phy DF OF
1 Kevin Shattenkirk Matt Niskanen 60 1 2 2
2 Keith Yandle Jake Gardiner 40 1 2 2
Penalty Kill - 3 Players Forward
Forward Time % Phy DF OF
1 Kevin Porter 60 1 2 2
2 Jiri Novotny 40 1 2 2
Penalty Kill - 3 Players Defense
Defense Defense Time % Phy DF OF
1 Kevin Shattenkirk Matt Niskanen 60 1 2 2
2 Rostislav Klesla Jake Gardiner 40 1 2 2
4 vs 4 Forward
Center Wing Time % Phy DF OF
1 Kevin Porter Jakub Voracek 60 1 2 2
2 Krys Kolanos D.J King 40 1 2 2
4 vs 4 Defense
Defense Defense Time % Phy DF OF
1 Kevin Shattenkirk Matt Niskanen 60 1 2 2
2 Keith Yandle Jake Gardiner 40 1 2 2
Last Minutes Offensive
Center Left Wing Right Wing Defense Defense
Kevin Porter D.J King Jakub Voracek Keith Yandle Kevin Shattenkirk
Last Minutes Defensive
Center Left Wing Right Wing Defense Defense
Kevin Porter D.J King Andrew Gordon Jake Gardiner Matt Niskanen
Goaltenders
Starting : Cory Schneider
Backup : Anders Lindback
Extra Forwards
Normal : Jiri Novotny, Konstantin Pushkarev, Jakub Voracek - PP : Jarkko Ruutu, Konstantin Pushkarev - PK : Chad Kilger
Extra Defensemen
Normal : Rostislav Klesla, Philip Larsen, Jake Gardiner - PP : Matt Niskanen - PK : Philip Larsen, Keith Yandle
Penalty Shots
Chad Kilger, Krys Kolanos, Jarkko Ruutu, Matt Ellison, Konstantin Pushkarev
Demolitions
5 vs 5 Forward
Center Left Wing Right Wing Time % Phy DF OF
1 Brad Richardson Marcel Hossa Anthony Stewart 40 1 2 2
2 Ryan Craig Troy Brouwer Brandon Bochenski 30 1 2 2
3 Nicolas Blanchard Bobby Butler Marc-André Bernier 20 1 2 2
4 Vince Rocco Petr Vrana Cal Clutterbuck 10 1 2 2
5 vs 5 Defense
Defense Defense Time % Phy DF OF
1 Kyle Cumiskey Andy Rogers 40 1 2 2
2 Anton Babchuk Matt Corrente 30 1 2 2
3 Anssi Salmela Kyle Wharton 20 1 2 2
4 Robert Bortuzzo Nicholas D'Agostino 10 1 2 2
PowerPlay Forward
Center Left Wing Right Wing Time % Phy DF OF
1 Brad Richardson Marcel Hossa Anthony Stewart 60 1 2 2
2 Ryan Craig Troy Brouwer Brandon Bochenski 40 1 2 2
PowerPlay Defense
Defense Defense Time % Phy DF OF
1 Kyle Cumiskey Andy Rogers 60 1 2 2
2 Anton Babchuk Matt Corrente 40 1 2 2
Penalty Kill 4 Players Forward
Center Wing Time % Phy DF OF
1 Brad Richardson Anthony Stewart 60 1 2 2
2 Marcel Hossa Troy Brouwer 40 1 2 2
Penalty Kill 4 Players Defense
Defense Defense Time % Phy DF OF
1 Kyle Cumiskey Andy Rogers 60 1 2 2
2 Anton Babchuk Matt Corrente 40 1 2 2
Penalty Kill - 3 Players Forward
Forward Time % Phy DF OF
1 Brad Richardson 60 1 2 2
2 Anthony Stewart 40 1 2 2
Penalty Kill - 3 Players Defense
Defense Defense Time % Phy DF OF
1 Kyle Cumiskey Andy Rogers 60 1 2 2
2 Anton Babchuk Matt Corrente 40 1 2 2
4 vs 4 Forward
Center Wing Time % Phy DF OF
1 Brad Richardson Anthony Stewart 60 1 2 2
2 Marcel Hossa Troy Brouwer 40 1 2 2
4 vs 4 Defense
Defense Defense Time % Phy DF OF
1 Kyle Cumiskey Andy Rogers 60 1 2 2
2 Anton Babchuk Matt Corrente 40 1 2 2
Last Minutes Offensive
Center Left Wing Right Wing Defense Defense
Brad Richardson Marcel Hossa Anthony Stewart Kyle Cumiskey Andy Rogers
Last Minutes Defensive
Center Left Wing Right Wing Defense Defense
Brad Richardson Marcel Hossa Anthony Stewart Kyle Cumiskey Andy Rogers
Goaltenders
Starting : Antero Niittymaki
Backup : Chad Johnson
Extra Forwards
Normal : Bobby Butler, Marc-André Bernier, Cal Clutterbuck - PP : Bobby Butler, Marc-André Bernier - PK : Cal Clutterbuck
Extra Defensemen
Normal : Anssi Salmela, Kyle Wharton, Robert Bortuzzo - PP : Anssi Salmela - PK : Kyle Wharton, Robert Bortuzzo
Penalty Shots
Brad Richardson, Anthony Stewart, Marcel Hossa, Troy Brouwer, Ryan Craig
% Time on Ice - Sasquatch
Lines # - Real PCT - Wanted PCT - Time Play
Normal Forward
1 - 34% - 40% - 14:25
2 - 24% - 30% - 10:18
3 - 25% - 20% - 10:49
4 - 17% - 10% - 7:19
Normal Defense
1 - 45% - 40% - 19:18
2 - 30% - 30% - 12:54
3 - 23% - 20% - 9:52
4 - 2% - 10% - 0:47
PP Forward
1 - 59% - 60% - 2:20
2 - 41% - 40% - 1:38
PP Defense
1 - 66% - 60% - 2:37
2 - 34% - 40% - 1:21
PK Forward
1 - 68% - 60% - 8:58
2 - 32% - 40% - 4:13
PK Defense
1 - 66% - 60% - 8:44
2 - 34% - 40% - 4:27
PK3 Forward
1 - 0% - 60%
2 - 0% - 40%
PK3 Defense
1 - 0% - 60%
2 - 0% - 40%
44 Forward
1 - 0% - 60%
2 - 0% - 40%
44 Defense
1 - 0% - 60%
2 - 0% - 40%
Last Minute Offensive - 0:00
Last Minute Defensive - 0:00
Total
Forward - 60:00
Defense - 60:00
|
% Time on Ice - Demolitions
Lines # - Real PCT - Wanted PCT - Time Play
Normal Forward
1 - 33% - 40% - 14:12
2 - 28% - 30% - 12:08
3 - 25% - 20% - 10:33
4 - 14% - 10% - 5:58
Normal Defense
1 - 39% - 40% - 16:44
2 - 31% - 30% - 13:09
3 - 21% - 20% - 8:48
4 - 10% - 10% - 4:10
PP Forward
1 - 54% - 60% - 7:05
2 - 46% - 40% - 6:06
PP Defense
1 - 64% - 60% - 8:27
2 - 36% - 40% - 4:44
PK Forward
1 - 73% - 60% - 2:53
2 - 27% - 40% - 1:05
PK Defense
1 - 58% - 60% - 2:18
2 - 42% - 40% - 1:40
PK3 Forward
1 - 0% - 60%
2 - 0% - 40%
PK3 Defense
1 - 0% - 60%
2 - 0% - 40%
44 Forward
1 - 0% - 60%
2 - 0% - 40%
44 Defense
1 - 0% - 60%
2 - 0% - 40%
Last Minute Offensive - 0:00
Last Minute Defensive - 0:00
Total
Forward - 60:00
Defense - 60:00
|
Play by Play
1st period
0:01 of 1st period - Brad Richardson wins face-off versus Kevin Porter in neutral zone.
0:47 of 1st period - Off-side.
0:48 of 1st period - Nicolas Blanchard wins face-off versus Krys Kolanos in neutral zone.
1:01 of 1st period - Wrist shot by Bobby Butler.
1:01 of 1st period - Shot Blocked by Jarkko Ruutu.
1:13 of 1st period - Matt Niskanen is hit by Brad Richardson.
1:58 of 1st period - Wrist shot by Ryan Craig.
1:58 of 1st period - Stopped by Cory Schneider with a rebound.
2:00 of 1st period - Backhand shot by Ryan Craig.
2:00 of 1st period - Deflect By Troy Brouwer.
2:00 of 1st period - Shot Misses the Net.
2:00 of 1st period - Puck is out of play.
2:01 of 1st period - Ryan Craig wins face-off versus Kevin Porter in Sasquatch zone.
2:12 of 1st period - Anssi Salmela is hit by Matt Niskanen and loses puck.
2:21 of 1st period - Jake Gardiner is hit by Brandon Bochenski.
2:27 of 1st period - Snap shot by Ryan Craig.
2:27 of 1st period - Shot Misses the Net.
2:40 of 1st period - Minor Penalty to Jakub Voracek for Interference.
2:41 of 1st period - Brad Richardson wins face-off versus Kevin Porter in Sasquatch zone.
2:49 of 1st period - Snap shot by Marcel Hossa.
2:49 of 1st period - Stopped by Cory Schneider with a rebound.
2:56 of 1st period - Slapshot by Andy Rogers.
2:56 of 1st period - Stopped by Cory Schneider without a rebound.
2:57 of 1st period - Ryan Craig wins face-off versus Kevin Porter in Sasquatch zone.
3:04 of 1st period - Slapshot by Kevin Porter.
3:04 of 1st period - Shot Misses the Net.
3:26 of 1st period - Wrist shot by Brad Richardson.
3:26 of 1st period - Stopped by Cory Schneider with a rebound.
4:40 of 1st period - Penalty to Jakub Voracek is over, Jakub Voracek is back on ice.
4:56 of 1st period - Keith Yandle is hit by Bobby Butler and loses puck.
5:11 of 1st period - Snap shot by Cal Clutterbuck.
5:11 of 1st period - Shot Misses the Net.
5:49 of 1st period - Brad Richardson is hit by Chad Kilger.
6:07 of 1st period - Kevin Shattenkirk is hit by Nicolas Blanchard and loses puck.
6:39 of 1st period - Wrist shot by Matt Ellison.
6:39 of 1st period - Shot Blocked by Robert Bortuzzo.
6:41 of 1st period - Slapshot by Matt Niskanen.
6:41 of 1st period - Stopped by Antero Niittymaki without a rebound.
6:42 of 1st period - Ryan Craig wins face-off versus Derek Stepan in Demolitions zone.
6:42 of 1st period - Ryan Craig is hit by Derek Stepan.
6:59 of 1st period - Minor Penalty to Kevin Shattenkirk for Hooking.
7:00 of 1st period - Anthony Stewart wins face-off versus Kevin Porter in Sasquatch zone.
7:11 of 1st period - Icing by Andy Rogers.
7:12 of 1st period - Kevin Porter wins face-off versus Brad Richardson in Demolitions zone.
7:21 of 1st period - Snap shot by Jarkko Ruutu.
7:21 of 1st period - Shot Blocked by Anthony Stewart.
8:13 of 1st period - Anton Babchuk is hit by Jake Gardiner.
8:59 of 1st period - Penalty to Kevin Shattenkirk is over, Kevin Shattenkirk is back on ice.
9:05 of 1st period - Slapshot by Kevin Porter.
9:05 of 1st period - Stopped by Antero Niittymaki with a rebound.
9:07 of 1st period - Slapshot by Keith Yandle.
9:07 of 1st period - Shot Misses the Net.
9:09 of 1st period - Slapshot by Matt Niskanen.
9:09 of 1st period - Shot Blocked by Matt Corrente.
9:15 of 1st period - Wrist shot by Jarkko Ruutu.
9:15 of 1st period - Deflect By Kevin Porter.
9:15 of 1st period - Stopped by Antero Niittymaki without a rebound.
9:16 of 1st period - Vince Rocco wins face-off versus Derek Stepan in Demolitions zone.
9:27 of 1st period - Kyle Cumiskey is hit by Derek Stepan and loses puck.
9:51 of 1st period - Snap shot by Jiri Novotny.
9:51 of 1st period - Deflect By John McCarthy.
9:51 of 1st period - Shot Blocked by Andy Rogers.
9:51 of 1st period - Puck is out of play.
9:52 of 1st period - Kevin Porter wins face-off versus Brad Richardson in Demolitions zone.
10:19 of 1st period - Snap shot by Troy Brouwer.
10:19 of 1st period - Deflect By Chad Kilger.
10:19 of 1st period - Goal by Troy Brouwer - Sasquatch : 0 - Demolitions : 1.
10:20 of 1st period - Kevin Porter wins face-off versus Brad Richardson in neutral zone.
10:20 of 1st period - D.J King is hit by Kyle Cumiskey and loses puck.
10:59 of 1st period - Off-side.
11:00 of 1st period - Brad Richardson wins face-off versus Krys Kolanos in neutral zone.
11:05 of 1st period - Snap shot by Brad Richardson.
11:05 of 1st period - Shot Misses the Net.
11:07 of 1st period - Wrist shot by Anthony Stewart.
11:07 of 1st period - Stopped by Cory Schneider without a rebound.
11:08 of 1st period - Krys Kolanos wins face-off versus Brad Richardson in Sasquatch zone.
11:17 of 1st period - Jarkko Ruutu is hit by Marcel Hossa and loses puck.
11:48 of 1st period - Backhand shot by Brad Richardson.
11:48 of 1st period - Stopped by Cory Schneider with a rebound.
11:50 of 1st period - Snap shot by Marcel Hossa.
11:50 of 1st period - Goal by Marcel Hossa - Sasquatch : 0 - Demolitions : 2.
11:51 of 1st period - Kevin Porter wins face-off versus Ryan Craig in neutral zone.
12:38 of 1st period - Keith Yandle is hit by Nicolas Blanchard and loses puck.
15:12 of 1st period - Icing by Keith Yandle.
15:13 of 1st period - Krys Kolanos wins face-off versus Brad Richardson in Sasquatch zone.
15:18 of 1st period - Marcel Hossa is hit by Krys Kolanos and loses puck.
15:25 of 1st period - Slapshot by Jarkko Ruutu.
15:25 of 1st period - Shot Misses the Net.
15:27 of 1st period - Wrist shot by Andrew Gordon.
15:27 of 1st period - Shot Misses the Net.
15:33 of 1st period - Slapshot by Jarkko Ruutu.
15:33 of 1st period - Shot Misses the Net.
15:35 of 1st period - Snap shot by Andrew Gordon.
15:35 of 1st period - Shot Misses the Net.
15:37 of 1st period - Wrist shot by Andrew Gordon.
15:37 of 1st period - Shot Misses the Net.
15:43 of 1st period - Slapshot by Keith Yandle.
15:43 of 1st period - Shot Misses the Net.
16:09 of 1st period - Wrist shot by Jarkko Ruutu.
16:09 of 1st period - Shot Misses the Net.
16:11 of 1st period - Slapshot by Jake Gardiner.
16:11 of 1st period - Deflect By Krys Kolanos.
16:11 of 1st period - Stopped by Antero Niittymaki with a rebound.
16:13 of 1st period - Snap shot by Jake Gardiner.
16:13 of 1st period - Shot Misses the Net.
16:15 of 1st period - Snap shot by Jarkko Ruutu.
16:15 of 1st period - Shot Misses the Net.
16:23 of 1st period - Snap shot by Krys Kolanos.
16:23 of 1st period - Shot Hit the Post.
16:25 of 1st period - Slapshot by Jake Gardiner.
16:25 of 1st period - Shot Misses the Net.
16:27 of 1st period - Snap shot by Krys Kolanos.
16:27 of 1st period - Stopped by Antero Niittymaki without a rebound.
16:28 of 1st period - Kevin Porter wins face-off versus Ryan Craig in Demolitions zone.
16:29 of 1st period - Snap shot by D.J King.
16:29 of 1st period - Stopped by Antero Niittymaki without a rebound.
16:30 of 1st period - Kevin Porter wins face-off versus Troy Brouwer in Demolitions zone.
16:35 of 1st period - Backhand shot by Kevin Porter.
16:35 of 1st period - Stopped by Antero Niittymaki with a rebound.
17:39 of 1st period - Slapshot by Ryan Craig.
17:39 of 1st period - Stopped by Cory Schneider with a rebound.
17:49 of 1st period - Rostislav Klesla is hit by Marc-André Bernier and loses puck.
19:15 of 1st period - Matt Ellison is hit by Bobby Butler and loses puck.
19:36 of 1st period - Wrist shot by Jiri Novotny.
19:36 of 1st period - Shot Hit the Post.
Goals for this period are 0 for Sasquatch vs 2 for Demolitions.
Shots for this period are 7 for Sasquatch vs 9 for Demolitions.
2nd period
0:01 of 2nd period - Marcel Hossa wins face-off versus Kevin Porter in neutral zone.
0:04 of 2nd period - Wrist shot by Marcel Hossa.
0:04 of 2nd period - Shot Misses the Net.
0:06 of 2nd period - Slapshot by Kyle Cumiskey.
0:06 of 2nd period - Stopped by Cory Schneider without a rebound.
0:07 of 2nd period - Kevin Porter wins face-off versus Brad Richardson in Sasquatch zone.
0:41 of 2nd period - Wrist shot by Matt Ellison.
0:41 of 2nd period - Stopped by Antero Niittymaki without a rebound.
0:42 of 2nd period - Derek Stepan wins face-off versus Brad Richardson in Demolitions zone.
0:45 of 2nd period - Wrist shot by Chad Kilger.
0:45 of 2nd period - Deflect By Matt Ellison.
0:45 of 2nd period - Stopped by Antero Niittymaki with a rebound.
0:51 of 2nd period - Wrist shot by Marcel Hossa.
0:51 of 2nd period - Deflect By Anthony Stewart.
0:51 of 2nd period - Stopped by Cory Schneider with a rebound.
0:55 of 2nd period - Slapshot by Brad Richardson.
0:55 of 2nd period - Shot Blocked by Derek Stepan.
0:57 of 2nd period - Snap shot by Anthony Stewart.
0:57 of 2nd period - Stopped by Cory Schneider without a rebound.
0:58 of 2nd period - Jakub Voracek wins face-off versus Ryan Craig in Sasquatch zone.
0:58 of 2nd period - Jakub Voracek is hit by Kyle Cumiskey.
1:22 of 2nd period - Minor Penalty to Ryan Craig for Interference.
1:23 of 2nd period - Kevin Porter wins face-off versus Brad Richardson in Demolitions zone.
2:07 of 2nd period - Icing by Kevin Shattenkirk.
2:08 of 2nd period - Kevin Porter wins face-off versus Brad Richardson in Sasquatch zone.
2:28 of 2nd period - Snap shot by Kevin Shattenkirk.
2:28 of 2nd period - Shot Misses the Net.
2:36 of 2nd period - Snap shot by Kevin Porter.
2:36 of 2nd period - Stopped by Antero Niittymaki without a rebound.
2:37 of 2nd period - Brad Richardson wins face-off versus Derek Stepan in Demolitions zone.
3:22 of 2nd period - Penalty to Ryan Craig is over, Ryan Craig is back on ice.
3:24 of 2nd period - Ryan Craig is hit by Jakub Voracek and loses puck.
3:41 of 2nd period - Snap shot by Marc-André Bernier.
3:41 of 2nd period - Stopped by Cory Schneider with a rebound.
3:55 of 2nd period - Snap shot by Jiri Novotny.
3:55 of 2nd period - Shot Misses the Net.
3:57 of 2nd period - Wrist shot by John McCarthy.
3:57 of 2nd period - Stopped by Antero Niittymaki with a rebound.
5:43 of 2nd period - Rostislav Klesla is hit by Marcel Hossa and loses puck.
5:52 of 2nd period - Brad Richardson is hit by Konstantin Pushkarev and loses puck.
6:23 of 2nd period - Ryan Craig is hit by Kevin Shattenkirk.
6:24 of 2nd period - Icing by Ryan Craig.
6:25 of 2nd period - Krys Kolanos wins face-off versus Ryan Craig in Demolitions zone.
6:26 of 2nd period - Wrist shot by Jarkko Ruutu.
6:26 of 2nd period - Stopped by Antero Niittymaki without a rebound.
6:27 of 2nd period - Ryan Craig wins face-off versus Krys Kolanos in Demolitions zone.
6:46 of 2nd period - Keith Yandle is hit by Ryan Craig.
6:50 of 2nd period - Troy Brouwer is hit by Krys Kolanos and loses puck.
6:57 of 2nd period - Jake Gardiner is hit by Kyle Cumiskey and loses puck.
7:10 of 2nd period - Snap shot by Jarkko Ruutu.
7:10 of 2nd period - Deflect By Andrew Gordon.
7:10 of 2nd period - Shot Blocked by Brandon Bochenski.
7:10 of 2nd period - Puck is out of play.
7:11 of 2nd period - Brad Richardson wins face-off versus Kevin Porter in Demolitions zone.
7:45 of 2nd period - Wrist shot by Jiri Novotny.
7:45 of 2nd period - Stopped by Antero Niittymaki with a rebound.
7:47 of 2nd period - Slapshot by Kevin Shattenkirk.
7:47 of 2nd period - Stopped by Antero Niittymaki without a rebound.
7:48 of 2nd period - Nicolas Blanchard wins face-off versus Kevin Porter in Demolitions zone.
7:48 of 2nd period - Nicolas Blanchard is hit by D.J King.
8:04 of 2nd period - Wrist shot by Nicolas Blanchard.
8:04 of 2nd period - Stopped by Cory Schneider with a rebound.
8:10 of 2nd period - Minor Penalty to Jakub Voracek for Cross-checking.
8:11 of 2nd period - Brad Richardson wins face-off versus Kevin Porter in Sasquatch zone.
8:14 of 2nd period - Snap shot by Marcel Hossa.
8:14 of 2nd period - Shot Misses the Net.
8:16 of 2nd period - Snap shot by Kyle Cumiskey.
8:16 of 2nd period - Shot Misses the Net.
8:18 of 2nd period - Wrist shot by Marcel Hossa.
8:18 of 2nd period - Shot Misses the Net.
8:20 of 2nd period - Slapshot by Kyle Cumiskey.
8:20 of 2nd period - Stopped by Cory Schneider with a rebound.
8:22 of 2nd period - Snap shot by Kyle Cumiskey.
8:22 of 2nd period - Stopped by Cory Schneider without a rebound.
8:23 of 2nd period - Kevin Porter wins face-off versus Brad Richardson in Sasquatch zone.
8:23 of 2nd period - Kevin Porter is hit by Marcel Hossa.
8:33 of 2nd period - Slapshot by Kevin Porter.
8:33 of 2nd period - Shot Blocked by Andy Rogers.
8:57 of 2nd period - Snap shot by Troy Brouwer.
8:57 of 2nd period - Shot Misses the Net.
9:06 of 2nd period - Icing by Kyle Cumiskey.
9:07 of 2nd period - Ryan Craig wins face-off versus Kevin Porter in Demolitions zone.
9:25 of 2nd period - Snap shot by Brandon Bochenski.
9:25 of 2nd period - Stopped by Cory Schneider with a rebound.
9:27 of 2nd period - Wrist shot by Brandon Bochenski.
9:27 of 2nd period - Goal by Brandon Bochenski - Sasquatch : 0 - Demolitions : 3.
9:28 of 2nd period - Derek Stepan wins face-off versus Brad Richardson in neutral zone.
9:53 of 2nd period - Brandon Bochenski is hit by Jake Gardiner and loses puck.
10:21 of 2nd period - Wrist shot by Jarkko Ruutu.
10:21 of 2nd period - Deflect By Andrew Gordon.
10:21 of 2nd period - Stopped by Antero Niittymaki without a rebound.
10:22 of 2nd period - Derek Stepan wins face-off versus Brad Richardson in Demolitions zone.
10:22 of 2nd period - Kevin Shattenkirk is hit by Matt Corrente and loses puck.
10:27 of 2nd period - Snap shot by Chad Kilger.
10:27 of 2nd period - Deflect By Derek Stepan.
10:27 of 2nd period - Goal by Derek Stepan - Sasquatch : 1 - Demolitions : 3.
10:28 of 2nd period - Kevin Porter wins face-off versus Brad Richardson in neutral zone.
10:31 of 2nd period - Andy Rogers is hit by Jake Gardiner and loses puck.
10:36 of 2nd period - Snap shot by D.J King.
10:36 of 2nd period - Shot Misses the Net.
10:38 of 2nd period - Wrist shot by Kevin Porter.
10:38 of 2nd period - Shot Misses the Net.
10:40 of 2nd period - Snap shot by Jakub Voracek.
10:40 of 2nd period - Deflect By D.J King.
10:40 of 2nd period - Shot Misses the Net.
10:40 of 2nd period - Puck is out of play.
10:41 of 2nd period - Anthony Stewart wins face-off versus Kevin Porter in Demolitions zone.
10:41 of 2nd period - Anthony Stewart is hit by Keith Yandle.
11:41 of 2nd period - Wrist shot by John McCarthy.
11:41 of 2nd period - Goal by John McCarthy - Sasquatch : 2 - Demolitions : 3.
11:42 of 2nd period - Brad Richardson wins face-off versus Kevin Porter in neutral zone.
12:16 of 2nd period - Ryan Craig is hit by Matt Niskanen and loses puck.
12:27 of 2nd period - Wrist shot by Marc-André Bernier.
12:27 of 2nd period - Stopped by Cory Schneider with a rebound.
13:01 of 2nd period - Snap shot by Brad Richardson.
13:01 of 2nd period - Shot Misses the Net.
14:48 of 2nd period - Marcel Hossa is hit by Jakub Voracek and loses puck.
16:25 of 2nd period - Wrist shot by Marc-André Bernier.
16:25 of 2nd period - Shot Misses the Net.
16:59 of 2nd period - Snap shot by Jarkko Ruutu.
16:59 of 2nd period - Shot Misses the Net.
17:17 of 2nd period - Slapshot by Troy Brouwer.
17:17 of 2nd period - Shot Misses the Net.
17:48 of 2nd period - Icing by D.J King.
17:49 of 2nd period - Kevin Porter wins face-off versus Ryan Craig in Sasquatch zone.
17:49 of 2nd period - Kevin Porter is hit by Brandon Bochenski.
18:17 of 2nd period - Wrist shot by Jakub Voracek.
18:17 of 2nd period - Shot Misses the Net.
18:19 of 2nd period - Snap shot by Kevin Porter.
18:19 of 2nd period - Deflect By D.J King.
18:19 of 2nd period - Goal by D.J King - Sasquatch : 3 - Demolitions : 3.
18:20 of 2nd period - Brad Richardson wins face-off versus Kevin Porter in neutral zone.
18:26 of 2nd period - Minor Penalty to Jake Gardiner for Hooking.
18:27 of 2nd period - Brad Richardson wins face-off versus Kevin Porter in Sasquatch zone.
18:53 of 2nd period - Kevin Shattenkirk is hit by Brandon Bochenski.
Goals for this period are 3 for Sasquatch vs 1 for Demolitions.
Shots for this period are 11 for Sasquatch vs 10 for Demolitions.
3rd period
0:01 of 3rd period - Kevin Porter wins face-off versus Brad Richardson in neutral zone.
0:26 of 3rd period - Penalty to Jake Gardiner is over, Jake Gardiner is back on ice.
0:37 of 3rd period - Snap shot by Brandon Bochenski.
0:37 of 3rd period - Stopped by Cory Schneider with a rebound.
0:51 of 3rd period - Snap shot by Chad Kilger.
0:51 of 3rd period - Shot Misses the Net.
0:53 of 3rd period - Snap shot by Derek Stepan.
0:53 of 3rd period - Shot Misses the Net.
0:55 of 3rd period - Slapshot by Kevin Shattenkirk.
0:55 of 3rd period - Shot Blocked by Matt Corrente.
0:57 of 3rd period - Slapshot by Matt Niskanen.
0:57 of 3rd period - Deflect By Nicolas Blanchard.
0:57 of 3rd period - Stopped by Antero Niittymaki with a rebound.
1:13 of 3rd period - Slapshot by Petr Vrana.
1:13 of 3rd period - Stopped by Cory Schneider with a rebound.
1:27 of 3rd period - Slapshot by Anton Babchuk.
1:27 of 3rd period - Shot Blocked by Rostislav Klesla.
1:45 of 3rd period - Slapshot by Matt Corrente.
1:45 of 3rd period - Stopped by Cory Schneider without a rebound.
1:46 of 3rd period - Jiri Novotny wins face-off versus Ryan Craig in Sasquatch zone.
1:46 of 3rd period - Minor Penalty to Konstantin Pushkarev for Holding.
1:47 of 3rd period - Marcel Hossa wins face-off versus Kevin Porter in Sasquatch zone.
2:02 of 3rd period - Kevin Porter is hit by Anthony Stewart and loses puck.
2:16 of 3rd period - Off-side.
2:17 of 3rd period - Ryan Craig wins face-off versus Jiri Novotny in neutral zone.
2:53 of 3rd period - Matt Niskanen is hit by Anton Babchuk and loses puck.
3:10 of 3rd period - Wrist shot by Ryan Craig.
3:10 of 3rd period - Shot Misses the Net.
3:12 of 3rd period - Slapshot by Matt Corrente.
3:12 of 3rd period - Shot Misses the Net.
3:14 of 3rd period - Wrist shot by Troy Brouwer.
3:14 of 3rd period - Stopped by Cory Schneider without a rebound.
3:15 of 3rd period - Kevin Porter wins face-off versus Brad Richardson in Sasquatch zone.
3:28 of 3rd period - Snap shot by Marcel Hossa.
3:28 of 3rd period - Shot Misses the Net.
3:30 of 3rd period - Wrist shot by Brad Richardson.
3:30 of 3rd period - Shot Misses the Net.
3:40 of 3rd period - Brad Richardson is hit by Jake Gardiner and loses puck.
3:46 of 3rd period - Penalty to Konstantin Pushkarev is over, Konstantin Pushkarev is back on ice.
3:51 of 3rd period - Wrist shot by Jiri Novotny.
3:51 of 3rd period - Goal by Jiri Novotny - Sasquatch : 4 - Demolitions : 3.
3:52 of 3rd period - Anthony Stewart wins face-off versus Kevin Porter in neutral zone.
4:13 of 3rd period - Minor Penalty to Jakub Voracek for Tripping.
4:14 of 3rd period - Kevin Porter wins face-off versus Brad Richardson in Sasquatch zone.
4:51 of 3rd period - Jiri Novotny is hit by Brad Richardson and loses puck.
4:58 of 3rd period - Snap shot by Brad Richardson.
4:58 of 3rd period - Stopped by Cory Schneider with a rebound.
5:00 of 3rd period - Snap shot by Andy Rogers.
5:00 of 3rd period - Stopped by Cory Schneider with a rebound.
5:06 of 3rd period - Slapshot by Marcel Hossa.
5:06 of 3rd period - Stopped by Cory Schneider without a rebound.
5:07 of 3rd period - Kevin Porter wins face-off versus Ryan Craig in Sasquatch zone.
5:13 of 3rd period - Icing by Troy Brouwer.
5:14 of 3rd period - Kevin Porter wins face-off versus Ryan Craig in Demolitions zone.
5:57 of 3rd period - Snap shot by Brandon Bochenski.
5:57 of 3rd period - Shot Misses the Net.
5:59 of 3rd period - Slapshot by Anton Babchuk.
5:59 of 3rd period - Shot Misses the Net.
6:01 of 3rd period - Slapshot by Matt Corrente.
6:01 of 3rd period - Stopped by Cory Schneider with a rebound.
6:13 of 3rd period - Penalty to Jakub Voracek is over, Jakub Voracek is back on ice.
6:17 of 3rd period - Wrist shot by Ryan Craig.
6:17 of 3rd period - Stopped by Cory Schneider with a rebound.
6:23 of 3rd period - Wrist shot by Brandon Bochenski.
6:23 of 3rd period - Deflect By Troy Brouwer.
6:23 of 3rd period - Stopped by Cory Schneider without a rebound.
6:24 of 3rd period - Brad Richardson wins face-off versus Derek Stepan in Sasquatch zone.
6:25 of 3rd period - Snap shot by Marcel Hossa.
6:25 of 3rd period - Stopped by Cory Schneider with a rebound.
6:49 of 3rd period - Krys Kolanos is hit by Kyle Cumiskey and loses puck.
7:22 of 3rd period - Icing by Philip Larsen.
7:23 of 3rd period - John McCarthy wins face-off versus Brad Richardson in Sasquatch zone.
7:34 of 3rd period - Slapshot by Jiri Novotny.
7:34 of 3rd period - Shot Misses the Net.
7:36 of 3rd period - Wrist shot by John McCarthy.
7:36 of 3rd period - Shot Misses the Net.
7:46 of 3rd period - Chad Kilger is hit by Bobby Butler and loses puck.
8:29 of 3rd period - Ryan Craig is hit by Keith Yandle and loses puck.
8:51 of 3rd period - Anton Babchuk is hit by Jake Gardiner and loses puck.
9:08 of 3rd period - Matt Corrente is hit by Kevin Porter and loses puck.
9:13 of 3rd period - Wrist shot by Kevin Porter.
9:13 of 3rd period - Stopped by Antero Niittymaki with a rebound.
9:40 of 3rd period - Minor Penalty to Matt Corrente for Hooking.
9:41 of 3rd period - Kevin Porter wins face-off versus Brad Richardson in Demolitions zone.
10:32 of 3rd period - Troy Brouwer is hit by Jakub Voracek and loses puck.
10:42 of 3rd period - Icing by Jake Gardiner.
10:43 of 3rd period - Brad Richardson wins face-off versus Derek Stepan in Sasquatch zone.
11:40 of 3rd period - Penalty to Matt Corrente is over, Matt Corrente is back on ice.
11:50 of 3rd period - Slapshot by Marc-André Bernier.
11:50 of 3rd period - Shot Blocked by Jake Gardiner.
11:52 of 3rd period - Snap shot by Nicolas Blanchard.
11:52 of 3rd period - Stopped by Cory Schneider without a rebound.
11:53 of 3rd period - Krys Kolanos wins face-off versus Brandon Bochenski in Sasquatch zone.
12:06 of 3rd period - Snap shot by Jarkko Ruutu.
12:06 of 3rd period - Shot Hit the Post.
12:08 of 3rd period - Snap shot by Jarkko Ruutu.
12:08 of 3rd period - Goal by Jarkko Ruutu - Sasquatch : 5 - Demolitions : 3.
12:09 of 3rd period - Jakub Voracek wins face-off versus Brad Richardson in neutral zone.
12:30 of 3rd period - Minor Penalty to Keith Yandle for Goalie Interference.
12:31 of 3rd period - Kevin Porter wins face-off versus Marcel Hossa in Sasquatch zone.
12:40 of 3rd period - Slapshot by Andy Rogers.
12:40 of 3rd period - Shot Blocked by Kevin Shattenkirk.
12:44 of 3rd period - Snap shot by Marcel Hossa.
12:44 of 3rd period - Stopped by Cory Schneider with a rebound.
12:46 of 3rd period - Wrist shot by Marcel Hossa.
12:46 of 3rd period - Stopped by Cory Schneider without a rebound.
12:47 of 3rd period - Brad Richardson wins face-off versus Kevin Porter in Sasquatch zone.
12:48 of 3rd period - Wrist shot by Anthony Stewart.
12:48 of 3rd period - Deflect By Marcel Hossa.
12:48 of 3rd period - Shot Misses the Net.
12:48 of 3rd period - Puck is out of play.
12:49 of 3rd period - Kevin Porter wins face-off versus Brad Richardson in Sasquatch zone.
13:20 of 3rd period - Slapshot by Matt Corrente.
13:20 of 3rd period - Shot Hit the Post.
13:22 of 3rd period - Snap shot by Troy Brouwer.
13:22 of 3rd period - Shot Misses the Net.
13:24 of 3rd period - Slapshot by Matt Corrente.
13:24 of 3rd period - Deflect By Brandon Bochenski.
13:24 of 3rd period - Shot Misses the Net.
13:24 of 3rd period - Puck is out of play.
13:25 of 3rd period - Kevin Porter wins face-off versus Ryan Craig in Sasquatch zone.
13:30 of 3rd period - Slapshot by Jake Gardiner.
13:30 of 3rd period - Stopped by Antero Niittymaki without a rebound.
13:31 of 3rd period - Brad Richardson wins face-off versus Kevin Porter in Demolitions zone.
13:38 of 3rd period - Slapshot by Andy Rogers.
13:38 of 3rd period - Shot Misses the Net.
13:40 of 3rd period - Wrist shot by Anthony Stewart.
13:40 of 3rd period - Stopped by Cory Schneider without a rebound.
13:41 of 3rd period - Kevin Porter wins face-off versus Brad Richardson in Sasquatch zone.
14:30 of 3rd period - Penalty to Keith Yandle is over, Keith Yandle is back on ice.
15:00 of 3rd period - Snap shot by Anton Babchuk.
15:00 of 3rd period - Shot Blocked by Jiri Novotny.
15:02 of 3rd period - Slapshot by Matt Corrente.
15:02 of 3rd period - Shot Blocked by Jake Gardiner.
15:32 of 3rd period - Ryan Craig is hit by Chad Kilger and loses puck.
15:33 of 3rd period - Ryan Craig from Demolitions is injured at 15:33 of 3rd period (Broken Bone (Right Arm)).
15:34 of 3rd period - Brad Richardson wins face-off versus Krys Kolanos in Demolitions zone.
15:59 of 3rd period - Wrist shot by Chad Kilger.
15:59 of 3rd period - Shot Misses the Net.
16:01 of 3rd period - Slapshot by Kevin Shattenkirk.
16:01 of 3rd period - Stopped by Antero Niittymaki with a rebound.
16:03 of 3rd period - Wrist shot by Derek Stepan.
16:03 of 3rd period - Shot Blocked by Anthony Stewart.
16:05 of 3rd period - Backhand shot by Chad Kilger.
16:05 of 3rd period - Stopped by Antero Niittymaki with a rebound.
16:07 of 3rd period - Slapshot by Chad Kilger.
16:07 of 3rd period - Shot Misses the Net.
16:09 of 3rd period - Wrist shot by Matt Ellison.
16:09 of 3rd period - Shot Blocked by Anthony Stewart.
16:23 of 3rd period - Snap shot by Kevin Porter.
16:23 of 3rd period - Shot Misses the Net.
16:43 of 3rd period - Wrist shot by Derek Stepan.
16:43 of 3rd period - Shot Blocked by Marc-André Bernier.
17:38 of 3rd period - Brandon Bochenski is hit by Jakub Voracek and loses puck.
17:39 of 3rd period - Brandon Bochenski from Demolitions is injured at 17:39 of 3rd period (Strained Right Elbow).
17:40 of 3rd period - Nicolas Blanchard wins face-off versus Krys Kolanos in Demolitions zone.
17:40 of 3rd period - Nicolas Blanchard is hit by Andrew Gordon.
18:12 of 3rd period - Snap shot by Troy Brouwer.
18:12 of 3rd period - Shot Misses the Net.
18:14 of 3rd period - Wrist shot by Cal Clutterbuck.
18:14 of 3rd period - Stopped by Cory Schneider with a rebound.
18:16 of 3rd period - Snap shot by Cal Clutterbuck.
18:16 of 3rd period - Stopped by Cory Schneider with a rebound.
19:33 of 3rd period - Andy Rogers is hit by Jiri Novotny.
Goals for this period are 2 for Sasquatch vs 0 for Demolitions.
Shots for this period are 7 for Sasquatch vs 17 for Demolitions.
Output by the SimonT Hockey Simulator (STHS) for François Prévost -- Original Page W3C XHTML 1.0 Valid